AoeStats
← FruliDains

Lombardia

509761371Analyzed
2v2 RM · 4d ago on Sep 27, 2026· 93m 46s· 4 players
Game mode
Random Map
Map size
Medium (4 player)
Population
200
Speed
Normal
Resources
Standard
Victory
Conquest
Starting age
Dark Age
Ending age
Imperial Age
RankedLock teamsTeams togetherTeam positionsShared explorationLock speedFull tech treeHidden civsTurbo modeCheats
Victory
Defeat
🇺🇸 Huns · United States
406
+14
🇺🇸 Spanish · United States
398
+15
🇺🇸 Aztecs · United States
395
-16
🇺🇸 Sicilians · United States
341
-13
nathanm888
1:34 Loom
19:25 Feudal Age
20:26 Horse Collar
20:44 Double-Bit Axe
25:55 Wheelbarrow
29:11 Bloodlines
31:13 Castle Age
30:01 Wheelbarrow
29:12 Town Watch
29:22 Gold Mining
29:23 Stone Mining
33:08 First Crusade
32:12 Crossbowman
32:12 Elite Skirmisher
33:05 Bloodlines
32:16 Light Cavalry
32:44 Gambesons
32:19 Man-at-Arms
33:35 Squires
32:55 Pikeman
35:22 Hand Cart
40:16 Long Swordsman
40:42 Arson
51:34 Imperial Age
53:54 Elite Serjeant
54:41 Halberdier
55:40 Capped Ram
56:00 Cranequins
57:13 Two-Handed Swordsman
60:47 Heavy Mounted Crossbowman
64:11 Champion
64:14 Arbalester
64:57 Husbandry
64:18 Cavalier
65:21 Sanctity
65:27 Illumination
75:02 Forging
74:52 Scale Mail Armor
74:58 Scale Barding Armor
74:43 Fletching
74:53 Padded Archer Armor
mankey
17:12 Feudal Age
18:06 Arson
18:26 Gold Mining
20:31 Double-Bit Axe
20:54 Horse Collar
23:06 Stone Mining
25:41 Forging
25:32 Scale Mail Armor
30:19 Castle Age
30:45 Wheelbarrow
32:05 Gold Shaft Mining
31:18 Eagle Warrior
31:59 Squires
32:57 Bow Saw
33:08 Caravan
34:04 Hand Cart
37:53 Imperial Age
38:02 Iron Casting
37:42 Chain Mail Armor
39:17 Elite Eagle Warrior
41:19 Conscription
41:20 Garland Wars
41:52 Heavy Plow
43:34 Stone Shaft Mining
43:17 Capped Ram
45:00 Crop Rotation
44:48 Siege Ram
52:26 Blast Furnace
51:57 Plate Mail Armor
67:33 Elite Jaguar Warrior
FruliDains
13:44 Feudal Age
18:27 Horse Collar
18:35 Double-Bit Axe
19:36 Man-at-Arms
25:43 Castle Age
26:10 Pikeman
26:13 Long Swordsman
29:58 Bloodlines
29:49 Husbandry
46:36 Forging
46:33 Scale Barding Armor
52:07 Imperial Age
50:32 Caravan
52:34 Elite Conquistador
53:37 Conscription
54:25 Halberdier
56:22 Chemistry
55:42 Ballistics
72:30 Fletching
74:54 Bodkin Arrow
75:00 Padded Archer Armor
75:35 Iron Casting
75:01 Scale Mail Armor
75:21 Chain Barding Armor
77:19 Two-Handed Swordsman
81:30 Champion
Marsha7392
0:30 Loom
12:43 Feudal Age
14:01 Wheelbarrow
13:12 Town Watch
13:43 Double-Bit Axe
13:51 Gold Mining
13:45 Horse Collar
13:57 Stone Mining
14:01 Town Watch
18:12 Town Watch
27:53 Bloodlines
30:46 Castle Age
32:15 Hand Cart
32:07 Town Patrol
32:45 Gold Shaft Mining
32:24 Bow Saw
32:17 Heavy Plow
32:28 Scale Barding Armor
32:34 Scale Mail Armor
32:45 Forging
32:45 Padded Archer Armor
32:36 Fletching
32:53 Town Patrol
34:54 Chain Barding Armor
34:42 Squires
34:46 Husbandry
34:09 Elite Skirmisher
37:51 Iron Casting
41:48 Marauders
45:27 Ballistics
45:03 Murder Holes
45:19 Masonry
48:22 Imperial Age
48:54 Caravan
50:11 Conscription
49:12 Elite Tarkan
53:38 Chemistry
58:19 Thumb Ring
57:35 Crossbowman
67:16 Parthian Tactics
66:12 Heavy Cavalry Archer
Connection lost

Rejoining the realm…

Still unreachable

The connection could not be restored.

Session expired

The server has moved on; the page needs a fresh start.